 Dungeon Crawl Stone Soup version 0.27-a0-1525-g1038ab4fd7 (webtiles) character file.

Game seed: 3527095257623323217

182 Spaninq the Magician (level 5, -1/35 HPs)
             Began as a Djinni Fire Elementalist on July 10, 2021.
             Was an Initiate of Gozag.
             Slain by Natasha (8 damage)
             ... on level 2 of the Dungeon.
             The game lasted 00:18:30 (4326 turns).

Spaninq the Magician (Djinni Fire Elementalist)     Turns: 4326, Time: 00:18:31

Health: -1/35      AC:  8    Str:  7    XL:     5   Next: 93%
Gold:   345        EV: 10    Int: 17    God:    Gozag SH:  0 Dex: 14

rFire    + + +     SeeInvis .   p - +2 club (spect)
rCold    x . .     Faith    .   (no shield)
rNeg     . . .     Spirit   .   g - +2 ring mail {rF+}
rPois    ∞         Reflect  .   e - +0 helmet
rElec    .         Harm     .   (no cloak)
rCorr    .         Rampage  .   (no gloves)
Will     .....                  (boots unavailable)
Stlth    +.........             (no amulet)
HPRegen  0.11/turn              (no ring)
MPRegen  0.00/turn              (no ring)

@: flying, very slightly contaminated
A: sickness immunity, fire resistance 2, cold vulnerability 1, float, innate
caster, hp casting, extra vitality 1
a: Renounce Religion, Potion Petition, Call Merchant, Bribe Branch


You were on level 2 of the Dungeon.
You worshipped Gozag.
Gozag was aware of your devotion.
You visited 1 branch of the dungeon, and saw 3 of its levels.

You collected 345 gold pieces.

Inventory:

Hand Weapons
 n - a +0 whip
 p - a +2 spectral club (weapon)
Missiles
 b - 92 stones
 l - a throwing net
Armour
 a - a +0 tower shield
 e - a +0 helmet (worn)
 g - a +2 ring mail of fire resistance (worn)
Jewellery
 o - a +6 ring of dexterity
Scrolls
 c - a scroll of amnesia {unknown}
 d - 3 scrolls of blinking {unknown}
 f - 2 scrolls of immolation {unknown}
 h - 2 scrolls of teleportation {unknown}
 i - a scroll of fog {unknown}
 k - a scroll of holy word {unknown}
 m - a scroll of identify {unknown}
Potions
 j - a potion of lignification {unknown}


   Skills:
 + Level 2.6 Armour
 - Level 2.1 Dodging
 - Level 1.5 Stealth
 + Level 4.1 Spellcasting


You couldn't memorise any spells.
You knew the following spells:

 Your Spells              Type           Power      Damage    Failure   Level
a - Foxfire               Conj/Fire      68%        2x1d7     9%          1
b - Conjure Flame         Conj/Fire      17%        6-21      26%         3
c - Inner Flame           Hex/Fire       17%        N/A       26%         3
d - Sticky Flame          Conj/Fire      17%        2d4       65%         4
e - Fireball              Conj/Fire      8%         3d6       94%         5
f - Magic Dart            Conj           68%        1d6       9%          1
g - Blink                 Tloc           N/A        N/A       14%         2
Your spell library was empty.

Dungeon Overview and Level Annotations

Branches:
Dungeon (3/15)

Altars:
Gozag

Shops:
D:1 *

Annotations:
D:2 Grinder, Natasha
D:3 Sigmund


Innate Abilities, Weirdness & Mutations

You are immune to sickness and miasma.
You are immune to poison.
Your flesh is very heat resistant. (rF++)
You are vulnerable to cold. (rC-)
You float through the air rather than walking.
You learn spells naturally, not from books.
Your magical power is your life essence.
You have superior vitality. (+4 HP)


Message History

You resist with some effort.
Casting: Foxfire (safe; 9% risk of failure)
Confirm with . or Enter, or press ? or * to list all spells.
You miscast Foxfire.
You are very lightly contaminated with residual magic.
Nothing appears to happen.
The foxfire hits Natasha but does no damage.
Natasha is lightly wounded.
The foxfire hits Grinder.
Grinder is severely wounded.
Natasha claws you. Grinder gestures at you. Pain shoots through your body!
Casting: Foxfire (safe; 9% risk of failure)
Confirm with . or Enter, or press ? or * to list all spells.
You conjure some foxfire!
Natasha claws you.
* * * LOW HITPOINT WARNING * * *
Grinder gestures at you. You resist with significant effort.
Casting: Foxfire (safe; 9% risk of failure)
Confirm with . or Enter, or press ? or * to list all spells.
You conjure some foxfire!
* * * LOW HITPOINT WARNING * * *
The foxfire hits Natasha.
Natasha is heavily wounded.
The foxfire hits Grinder.
Grinder is severely wounded.
Natasha zaps a wand.
The puff of flame hits you but does no damage.
Casting: Foxfire (safe; 9% risk of failure)
Confirm with . or Enter, or press ? or * to list all spells.
You conjure some foxfire!
* * * LOW HITPOINT WARNING * * *
The foxfire hits Grinder.
Grinder is severely wounded.
The foxfire hits Grinder but does no damage.
Grinder is severely wounded.
Natasha claws you!
You die...
Your body crumbles into a pile of gold.

.......###)..### #.##.####
#<.##..# ###.>.# #.#..#
##.##..### ###.###.#.##
#..#....#####.......#
##.........§§.##.##.#
###.#..........##....##
......#....########...#
...............v§.....###
..(#####....###§@5......##
#### ###..# ##vh....#..##
# #..# #....#....)# # ##.#
#....####### # ### #....#
######


You could see Grinder (ally target) and Natasha.

Vanquished Creatures
  Ijyb (D:3)
  Natasha (D:3)
  Terence (D:3)
  Robin (D:3)
  An adder (D:3)
  2 worms (D:2)
  2 dart slugs
  4 orcs (D:3)
  3 ball pythons
  7 bats
  4 endoplasms
  A giant cockroach (D:3)
  11 goblins
  10 hobgoblins
  4 jackals (D:1)
  6 kobolds
  4 quokkas (D:1)
  A frilled lizard (D:3)
  4 rats
68 creatures vanquished.

Vanquished Creatures (others)
  291 foxfires
291 creatures vanquished.

Grand Total: 359 creatures vanquished

Notes
Turn   | Place    | Note
-------+----------+-------------------------------------------
     0 | D:1      | Spaninq the Djinni Fire Elementalist began the quest for
                  | the Orb.
     0 | D:1      | Reached XP level 1. HP: 15/15 MP: 0/0
   124 | D:1      | Found Cias's General Store.
   132 | D:1      | Reached XP level 2. HP: 13/21 MP: 0/0
   343 | D:1      | Reached skill level 3 in Spellcasting
   788 | D:1      | Reached XP level 3. HP: 21/25 MP: 0/0
   788 | D:1      | Learned a level 1 spell: Magic Dart
   841 | D:1      | Found a faded altar of an unknown god.
  1848 | D:1      | Became a worshipper of Gozag Ym Sagoz the Greedy
  2045 | D:2      | Noticed an ogre
  2644 | D:2      | Reached XP level 4. HP: 27/31 MP: 0/0
  2884 | D:3      | Noticed Terence
  3107 | D:3      | Noticed Natasha
  3115 | D:3      | Killed Natasha
  3116 | D:3      | Reached skill level 1 in Armour
  3193 | D:3      | Noticed Grinder
  3194 | D:3      | Paralysed by Grinder for 5 turns
  3199 | D:3      | Noticed Ijyb
  3306 | D:3      | Noticed Robin
  3320 | D:3      | Killed Robin
  3321 | D:3      | Reached XP level 5. HP: 19/35 MP: 0/0
  3321 | D:3      | Learned a level 2 spell: Blink
  3755 | D:3      | Killed Terence
  3756 | D:3      | Reached skill level 4 in Spellcasting
  3824 | D:3      | Killed Ijyb
  4035 | D:3      | Noticed Sigmund
  4300 | D:3      | Noticed Natasha
  4317 | D:2      | Paralysed by Grinder for 5 turns
  4326 | D:2      | Slain by Natasha

Illustrated notes

Levels and vault maps discovered:
D:1:      heliophobic_arrival_ceremonial_halls, layout_basic, serial_shops,
          shop, shapermc_ecumenical_altar_ellora
D:2:      layout_rooms
D:3:      layout_loops_cross, ebering_ghost_sewer_d, uniq_terence, uniq_grinder,
          uniq_natasha, uniq_sigmund, uniq_robin, uniq_ijyb

Skill      XL: |  1  2  3  4  5 |
---------------+----------------+-----
Spellcasting   | 3 4 |  4.1
Armour         | 1 2 |  2.6
Dodging        | |  2.1
Stealth        | |  1.5

Action                   |  1- 3 |  4- 6 || total
-------------------------+-------+-------++-------
Melee: Unarmed           |       |     1 ||     1
 Cast: Foxfire           |    86 |    94 ||   180
Armor: Robe              |     1 |       ||     1
       Ring mail         |       |    15 ||    15
Dodge: Dodged            |     7 |    11 ||    18

Table legend: (Time is in decaauts)
 A = Elapsed time spent in this place.
 B = Non-inter-level travel time spent in this place.
 C = Inter-level travel time spent in this place.
 D = Time resting spent in this place.
 E = Time spent auto-exploring this place.
 F = Levels seen in this place.
 G = Mean time per level.
                   A        B        C        D        E       F      G
               +--------+--------+--------+--------+--------+-----+--------+
         Total |   4334 |   4165 |    169 |    756 |   2595 |   3 | 1444.7 |
       Dungeon |   4334 |   4165 |    169 |    756 |   2595 |   3 | 1444.7 |
               +--------+--------+--------+--------+--------+-----+--------+

Top non-repeatable levels by time:
     D:1: 2128 daAuts
     D:2: 1270 daAuts
     D:3: 935 daAuts
